 Dungeon Sprint DCSS version 0.27.1-33-g824d729ab1 (webtiles) character file.

Game seed: 8352902943568107917

26658 manyhoops the Wrestler (level 13, -12/222 HPs)
             Began as a Troll Berserker on Nov 29, 2021.
             Was a High Priest of Trog.
             Mangled by Tiamat (39 damage)
             ... in the Dungeon (Sprint I: "Red Sonja").
             The game lasted 00:19:41 (2793 turns).

manyhoops the Wrestler (Troll Berserker)            Turns: 2793, Time: 00:19:41

Health: -12/222    AC: 13    Str: 36    XL:     13   Next: 0%
Magic:  12/12      EV: 11    Int: 11    God:    Trog [*****.]
Gold:   26         SH:  5    Dex: 12    Spells: 12/12 levels left

rFire    + + .     SeeInvis +     - Unarmed
rCold    . . .     Faith    .   (no shield)
rNeg     + + +     Spirit   .   p - +2 robe {rF+}
rPois    +         Reflect  +   u - +2 hat {Stlth+}
rElec    +         Harm     .   k - +5 cloak "Buwib" {Rampage rC+ Dex+3}
rCorr    +         Rampage  +   (gloves unavailable)
Will     +....     NoTele   +   (boots unavailable)
Stlth    ..........             C - amulet of Winter {Reflect rN+++ Str+4 Slay-2 SH+5 SInv}
HPRegen  1.47/turn              j - +6 ring of intelligence
MPRegen  0.13/turn              z - ring of the Piercing Jester {Fire rElec rPois Will+ rCorr}

@: berserking, lethally poisoned (-12 -> -58), very quick
A: large, unfitting armour, claws 3, regeneration 1, shaggy fur 1, tough skin 1,
clever 1, deformed body
a: Renounce Religion, Berserk, Trog's Hand, Brothers in Arms


You were in the Dungeon.
You worshipped Trog.
Trog was extremely pleased with you.
You visited 1 branch You collected 4468 gold pieces.
You spent 4442 gold pieces at shops.

Inventory:

Missiles
 D - 2 throwing nets (quivered)
Armour
 k - the +5 cloak "Buwib" (worn) {Rampage rC+ Dex+3}
   (You bought it in a shop in the Dungeon)

   Dex:       It affects your dexterity (+3).
   rC:        It protects you from cold.
   Rampage:   It bestows one free step when moving towards enemies.
 p - a +2 robe of fire resistance (worn)
 u - a +2 hat of stealth (worn)
Jewellery
 j - a +6 ring of intelligence (left claw)
 o - an amulet of magic regeneration
 z - the ring of the Piercing Jester (right claw) {Fire rElec rPois Will+ rCorr}
   (You bought it in a shop in the Dungeon)

   [ring of fire]

   It enhances your fire magic.
   rF:        It protects you from fire.
   rC:        It makes you vulnerable to cold.
   rElec:     It insulates you from electricity.
   rPois:     It protects you from poison.
   rCorr:     It protects you from acid and corrosion.
   Will:      It increases your willpower.
 B - the amulet of Vitality {Regen+ HP+15}
   (You bought it in a shop in the Dungeon)

   [amulet of regeneration]

   HP:        It affects your health (+15).
   Regen:     It increases your rate of health regeneration.
 C - the amulet of Winter (around neck) {Reflect rN+++ Str+4 Slay-2 SH+5 SInv}
   (You took it off a merfolk siren in the Dungeon)

   [amulet of reflection]

   It reflects blocked missile attacks.
   Str:       It affects your strength (+4).
   Slay:      It affects your accuracy & damage with ranged weapons and melee
   (-2).
   rN:        It renders you almost immune to negative energy.
   SInv:      It lets you see invisible.
   SH:        It affects your SH (+5).
Wands
 h - a wand of polymorph (5)
 v - a wand of acid (18)
Scrolls
 a - 3 scrolls of fear
 b - 2 scrolls of blinking
 n - 3 scrolls of magic mapping
 r - 2 scrolls of vulnerability
 s - a scroll of enchant weapon
 t - a scroll of silence
 w - a scroll of enchant armour
 y - 3 scrolls of torment
Potions
 c - 2 potions of heal wounds
 e - 3 potions of magic
 f - a potion of berserk rage
 i - a potion of brilliance
 m - 2 potions of lignification
 q - a potion of mutation
 x - a potion of degeneration
 A - 4 potions of curing
 F - a potion of invisibility
 G - a potion of cancellation
Miscellaneous
 l - a lightning rod (4/4)


   Skills:
 + Level 14.7 Fighting
 - Level 4.6 Armour
 - Level 5.4 Dodging
 + Level 25.3 Unarmed Combat


You had 12 spell levels left.
You didn't know any spells.
Your spell library was empty.

Dungeon Overview and Level Annotations

Branches:
Dungeon (1/1)

Altars:
Cheibriados
Dithmenos
Elyvilon
Fedhas
Gozag
Hepliaklqana
Kikubaaqudgha
Makhleb
Nemelex Xobeh
Okawaru
Qazlal
Ru
Sif Muna
Trog
Uskayaw
Vehumet
Wu Jian
Xom
Yredelemnul
Zin
The Shining One
Jiyva
Lugonu

Shops:
D !?(:([([!*?[*(*[=*[[[[

Annotations:
D Tiamat


Innate Abilities, Weirdness & Mutations

You are too large for most types of armour.
You have claws for hands.
Your natural rate of healing is unusually fast.
You are covered in fur. (AC +1)
You have tough skin. (AC +1)
Your mind is acute. (Int +2)
Armour fits poorly on your strangely shaped body.


Message History

Your troll claws Tiamat but does no damage.
A red film seems to cover your vision as you go berserk!
You feel yourself moving faster!
You feel mighty!
Your troll barely misses Tiamat.
Your troll claws Tiamat.
Your troll claws Tiamat but does no damage.
Your cyclops barely misses Tiamat.
Tiamat hits you from afar with a +3 vampiric bardiche!
You swap places.
You feel a strong urge to attack something.
Your troll closely misses Tiamat.
Your troll barely misses Tiamat.
Your troll claws Tiamat but does no damage.
You claw Tiamat! You claw Tiamat!!!
Tiamat is moderately wounded.
Tiamat barely misses you. Tiamat tail-slaps you!!!
* * * LOW HITPOINT WARNING * * *
Tiamat tail-slaps you!
* * * LOW HITPOINT WARNING * * *
You are lethally poisoned!
Tiamat poisons you!
You eviscerate Tiamat!!!
Tiamat is heavily wounded.
* * * LOW HITPOINT WARNING * * *
You feel very sick.
Your troll barely misses Tiamat.
Your troll claws Tiamat but does no damage.
Your troll claws Tiamat!
Unknown command.
You barely miss Tiamat.
Tiamat is heavily wounded.
* * * LOW HITPOINT WARNING * * *
You feel extremely sick.
Unknown command.
You scratch Tiamat but do no damage.
Tiamat is heavily wounded.
* * * LOW HITPOINT WARNING * * *
You feel very sick.
Your troll completely misses Tiamat.
Your troll claws Tiamat but does no damage. x2
You block Tiamat's attack. Tiamat tail-slaps you!!!
You die...

#'#.#......§§§§####..°......#.#,'
....#+..######§#..'......####)#^#
[...#......).#§#####...###..).#^*
#####.......#§§#((.#####...####,*
.).........≈####[........###,,^^*
(.).......≈≈##)......#####^,,,***
#.......≈≈≈###).....##^^,,,,,,*,,
###..≈≈≈≈### #(....##,,,,,,,,,*,,
##'######'####.C@T.#,^,,,^,,,,*,,
∩∩########∩∩####d###****,,,^,,*,,
#∩∩∩∩∩∩∩∩∩∩###≈≈≈≈≈≈≈≈.*,,,,,^***
############ #.########*,,,^,^+,,
#..0..+,,,^^,,,,,*,,
#######*************


You could see Tiamat (ally target), a friendly cyclops (summoned, berserk) and a
friendly troll (summoned, berserk).

Vanquished Creatures
  A golden dragon (D)
  A daeva (D)
  4 fire giants (D)
  A lorocyproca (D)
  A deep elf annihilator (D)
  A mummy priest (D)
  2 centaur warriors (D)
  Sonja (D)
  A deep troll (D)
  A lindwurm (D)
  A shining eye (D)
  2 oklob plants (D)
  2 merfolk sirens (D)
  A gargoyle (D)
  7 unseen horrors (D)
  2 kobold demonologists (D)
  4 demonic crawlers (D)
  A hellwing (D)
  3 hornets (D)
  A slime creature (D)
  Sigmund (D)
  2 redbacks (D)
  A yak (D)
  13 hogs (D)
  2 floating eyes (D)
  7 necrophages (D)
  An ogre (D)
  8 jellies (D)
  Ijyb (D)
74 creatures vanquished.

Vanquished Creatures (collateral kills)
  A shadow dragon (D)
  A hydra (D)
  7 shining eyes (D)
  5 floating eyes (D)
14 creatures vanquished.

Vanquished Creatures (others)
  A gargoyle (D)
  2 hornets (D)
  2 ballistomycete spores (D)
5 creatures vanquished.

Grand Total: 93 creatures vanquished

Notes
Turn   | Place    | Note
-------+----------+-------------------------------------------
     0 | D        | manyhoops the Troll Berserker began the quest for the Orb.
     0 | D        | Reached XP level 1. HP: 22/22 MP: 0/0
     1 | D        | Noticed Ijyb
     4 | D        | Killed a gargoyle
    12 | D        | Killed Ijyb
    13 | D        | Reached skill level 5 in Unarmed Combat
    13 | D        | Reached XP level 2. HP: 32/32 MP: 1/1
    53 | D        | Noticed an ogre
    56 | D        | Killed an ogre
    57 | D        | Reached skill level 5 in Fighting
    57 | D        | Reached skill level 7 in Unarmed Combat
    57 | D        | Reached XP level 3. HP: 44/44 MP: 2/2
    57 | D        | Reached XP level 4. HP: 52/52 MP: 3/3
    72 | D        | Noticed Sigmund
    76 | D        | Killed Sigmund
    76 | D        | Reached ** piety under Trog
    77 | D        | Reached skill level 9 in Unarmed Combat
    77 | D        | Reached XP level 5. HP: 62/62 MP: 4/4
   100 | D        | Found an ornate altar of the Wu Jian Council.
   100 | D        | Found a shimmering blue altar of Sif Muna.
   102 | D        | Found a radiant altar of Vehumet.
   105 | D        | Reached XP level 6. HP: 72/72 MP: 5/5
   112 | D        | Found Cikkext's Book Emporium.
   112 | D        | Found an ancient bone altar of Kikubaaqudgha.
   112 | D        | Found a stormy altar of Qazlal.
   112 | D        | Found a blossoming altar of Fedhas.
   112 | D        | Found a bloodstained altar of Trog.
   112 | D        | Found an iron altar of Okawaru.
   112 | D        | Found a glowing golden altar of the Shining One.
   112 | D        | Found a glowing silver altar of Zin.
   112 | D        | Found a white marble altar of Elyvilon.
   112 | D        | Noticed a yak
   114 | D        | Killed a yak
   115 | D        | Reached skill level 11 in Unarmed Combat
   115 | D        | Found a hazy altar of Hepliaklqana.
   115 | D        | Found a hide-covered altar of Uskayaw.
   115 | D        | Found a basalt altar of Yredelemnul.
   115 | D        | Found an opulent altar of Gozag.
   115 | D        | Found a snail-covered altar of Cheibriados.
   115 | D        | Found a sacrificial altar of Ru.
   115 | D        | Found a shadowy altar of Dithmenos.
   116 | D        | Found a sparkling altar of Nemelex Xobeh.
   166 | D        | Found a burning altar of Makhleb.
   166 | D        | Found a viscous altar of Jiyva.
   166 | D        | Found a shimmering altar of Xom.
   166 | D        | Found a corrupted altar of Lugonu.
   166 | D        | Noticed a slime creature
   173 | D        | Killed a slime creature
   173 | D        | Reached *** piety under Trog
   174 | D        | Reached XP level 7. HP: 83/83 MP: 6/6
   232 | D        | Noticed a kobold demonologist
   233 | D        | Noticed a kobold demonologist
   235 | D        | Reached skill level 12 in Unarmed Combat
   237 | D        | Noticed a smoke demon
   237 | D        | Killed a kobold demonologist
   238 | D        | Reached skill level 13 in Unarmed Combat
   239 | D        | Killed a kobold demonologist
   239 | D        | Reached **** piety under Trog
   240 | D        | Reached skill level 10 in Fighting
   240 | D        | Reached XP level 8. HP: 93/93 MP: 7/7
   277 | D        | Noticed a centaur warrior
   283 | D        | Noticed a centaur warrior
   301 | D        | Killed a centaur warrior
   302 | D        | Reached skill level 15 in Unarmed Combat
   307 | D        | Killed a centaur warrior
   308 | D        | Reached skill level 16 in Unarmed Combat
   308 | D        | Reached XP level 9. HP: 76/105 MP: 8/8
   351 | D        | Noticed a deep troll
   355 | D        | Killed a deep troll
   355 | D        | Reached ***** piety under Trog
   371 | D        | Found Vitoempa's Armour Emporium.
   425 | D        | Bought the +5 cloak "Buwib" {Rampage rC+ Dex+3} for 547
                  | gold pieces
   443 | D        | Noticed an oklob plant
   445 | D        | Killed an oklob plant
   446 | D        | Reached skill level 17 in Unarmed Combat
   486 | D        | Reached XP level 10. HP: 101/117 MP: 9/9
   519 | D        | Identified the +7 giant spiked club of War {vorpal, Stlth+}
                  | (Trog gifted it to you in the Dungeon)
   519 | D        | Received a gift from Trog
   553 | D        | Reached skill level 18 in Unarmed Combat
   556 | D        | Received a gift from Trog
   581 | D        | Reached ****** piety under Trog
   606 | D        | Found Ygiv's Antique Armour Shoppe.
   606 | D        | Found Hazonkas's Antique Weapon Shop.
   606 | D        | Found Cegheinozi's Distillery.
   608 | D        | Found Xeid's Assorted Antiques.
   608 | D        | Found Moreotoh's Magic Scroll Shop.
   608 | D        | Found Xeanki's Armour Shoppe.
   608 | D        | Found Amnav's Assorted Antiques.
   608 | D        | Found Pymi Mum's Antique Weapon Emporium.
   608 | D        | Found Kuuqoog's General Store.
   608 | D        | Found Bemuamnu's Armour Shoppe.
   611 | D        | Bought a potion of lignification for 39 gold pieces
   611 | D        | Found Bugexih's Jewellery Boutique.
   612 | D        | Bought 3 scrolls labelled KUTHO WUNAIJENN for 66 gold
                  | pieces
   612 | D        | Found Yfips's Antique Armour Emporium.
   612 | D        | Found Rowkaudio's Assorted Antiques.
   614 | D        | Bought a twisted cabochon amulet for 110 gold pieces
   615 | D        | Found Totyson's Armour Emporium.
   620 | D        | Bought a +2 robe of fire resistance for 177 gold pieces
   635 | D        | Bought a scroll labelled KAMIAK RAECH for 16 gold pieces
   635 | D        | Bought a scroll labelled KAMIAK RAECH for 16 gold pieces
   635 | D        | Bought a scroll labelled WUFIGR CIMNERCHE for 16 gold
                  | pieces
   635 | D        | Bought a scroll labelled LAYRAA GEXTETZ for 16 gold pieces
   635 | D        | Bought a scroll labelled KAMIAK RAECH for 16 gold pieces
   647 | D        | Bought a tourmaline ring for 145 gold pieces
   647 | D        | Bought a scroll labelled KIUMEFFEX IRPH for 29 gold pieces
   647 | D        | Bought a scroll labelled NEESSIUTAG for 29 gold pieces
   647 | D        | Bought a fuming clear potion for 26 gold pieces
   655 | D        | Bought a scroll of identify for 28 gold pieces
   655 | D        | Bought a scroll of identify for 28 gold pieces
   708 | D        | Received a gift from Trog
   712 | D        | Reached skill level 19 in Unarmed Combat
   768 | D        | Noticed a lindwurm
   772 | D        | Killed a lindwurm
   791 | D        | Received a gift from Trog
   800 | D        | Reached skill level 20 in Unarmed Combat
   800 | D        | Reached XP level 11. HP: 115/127 MP: 10/10
   840 | D        | Noticed a 12-headed hydra
   845 | D        | Received a gift from Trog
   847 | D        | Killed a 13-headed hydra
  1077 | D        | Bought a +2 hat of stealth for 252 gold pieces
  1084 | D        | Bought a long bronze wand for 88 gold pieces
  1084 | D        | Bought a potion of heal wounds for 110 gold pieces
  1084 | D        | Bought a scroll labelled LINUHO FIPOMO for 22 gold pieces
  1084 | D        | Bought a scroll of identify for 44 gold pieces
  1090 | D        | Bought a potion of mutation for 104 gold pieces
  1192 | D        | Killed a lorocyproca
  1193 | D        | Reached skill level 21 in Unarmed Combat
  1424 | D        | Bought the ring of the Piercing Jester {Fire rElec rPois
                  | Will+ rCorr} for 598 gold pieces
  1454 | D        | Noticed Sonja
  1457 | D        | Killed Sonja
  1530 | D        | Bought the amulet of Vitality {Regen+ HP+15} for 869 gold
                  | pieces
  1530 | D        | Found the amulet of Vitality {Regen+ HP+15}
  1576 | D        | Found Woashrela's Distillery.
  1584 | D        | Bought a potion of lignification for 42 gold pieces
  1590 | D        | Noticed a shining eye
  1590 | D        | Noticed a shining eye
  1590 | D        | Noticed a shining eye
  1590 | D        | Noticed a shining eye
  1590 | D        | Noticed a shining eye
  1590 | D        | Noticed a shining eye
  1591 | D        | Received a gift from Trog
  1591 | D        | Gained mutation: Your mind is acute. (Int +2) [a shining
                  | eye]
  1593 | D        | Paralysed by a floating eye for 4 turns
  1594 | D        | Killed a shining eye
  1596 | D        | Killed a shining eye
  1597 | D        | Killed a shining eye
  1597 | D        | Killed a shining eye
  1598 | D        | Killed a shining eye
  1598 | D        | Noticed a shining eye
  1599 | D        | Killed a shining eye
  1601 | D        | Killed a shining eye
  1601 | D        | Received a gift from Trog
  1631 | D        | Noticed a shining eye
  1632 | D        | Gained mutation: Armour fits poorly on your strangely
                  | shaped body. [a shining eye]
  1641 | D        | Killed a shining eye
  1642 | D        | Reached skill level 22 in Unarmed Combat
  1753 | D        | Found Uhyd's Magic Scroll Shoppe.
  1753 | D        | Found Moirch's Antique Weapon Shop.
  1753 | D        | Found Zuesi's Weapon Emporium.
  1753 | D        | Found Bonirov's Armour Boutique.
  1832 | D        | Noticed a daeva
  1907 | D        | Noticed a fire giant
  1925 | D        | Killed a fire giant
  1926 | D        | Reached skill level 23 in Unarmed Combat
  1944 | D        | Noticed a fire giant
  1947 | D        | Noticed a fire giant
  1958 | D        | Killed a fire giant
  1959 | D        | Reached XP level 12. HP: 139/139 MP: 11/11
  1959 | D        | Noticed a fire giant
  1970 | D        | Killed a fire giant
  1970 | D        | Received a gift from Trog
  1971 | D        | Reached skill level 5 in Dodging
  1982 | D        | Killed a fire giant
  2005 | D        | Found the +4 dragonskin cloak
  2005 | D        | Noticed Tiamat
  2058 | D        | Noticed a deep elf annihilator
  2067 | D        | Identified the amulet of Winter {Reflect rN+++ Str+4 Slay-2
                  | SH+5 SInv}
  2123 | D        | Killed a deep elf annihilator
  2124 | D        | Noticed a mummy priest
  2126 | D        | Paralysed by a hornet for 2 turns
  2131 | D        | Paralysed by a hornet for 3 turns
  2174 | D        | Received a gift from Trog
  2205 | D        | Killed a mummy priest
  2206 | D        | Reached skill level 24 in Unarmed Combat
  2267 | D        | Noticed a shadow dragon
  2269 | D        | Noticed a golden dragon
  2279 | D        | Killed a golden dragon
  2281 | D        | Killed a shadow dragon
  2282 | D        | Reached skill level 25 in Unarmed Combat
  2371 | D        | Identified the +3 war axe of Nemelex Xobeh's Hope {venom,
                  | rC+ rN+ Dex+2}
  2379 | D        | Found Mumpulo's Antique Armour Shoppe.
  2475 | D        | Bought a scroll of blinking for 82 gold pieces
  2475 | D        | Bought a scroll of magic mapping for 38 gold pieces
  2475 | D        | Bought a scroll of silence for 82 gold pieces
  2477 | D        | Bought 2 throwing nets for 66 gold pieces
  2541 | D        | Bought a scroll of blinking for 105 gold pieces
  2541 | D        | Bought a scroll of fear for 49 gold pieces
  2541 | D        | Bought 2 scrolls of torment for 210 gold pieces
  2541 | D        | Bought a scroll of vulnerability for 105 gold pieces
  2552 | D        | Bought a crooked glass wand for 64 gold pieces
  2571 | D        | Bought a potion of invisibility for 104 gold pieces
  2571 | D        | Bought a potion of cancellation for 104 gold pieces
  2675 | D        | Killed a daeva
  2675 | D        | Received a gift from Trog
  2676 | D        | Reached XP level 13. HP: 148/148 MP: 12/12
  2793 | D        | Mangled by Tiamat

Illustrated notes

Levels and vault maps discovered:
D:        dungeon_sprint_1 [red_sonja_temple_1, red_sonja_temple_small_1]

Skill      XL: |  1  2  3  4  5  6  7  8  9 10 11 12 |
---------------+-------------------------------------+-----
Fighting       | 4 5 7 9 10 11 12 13 14 | 14.7
Unarmed Combat | 5 7 9 11 13 16 17 20 23 25 | 25.3
Dodging        | 5 |  5.4
Armour         | 4 |  4.6

Action                   |  1- 3 |  4- 6 |  7- 9 | 10-12 | 13-15 || total
-------------------------+-------+-------+-------+-------+-------++-------
Melee: Unarmed           |    11 |    11 |    27 |   178 |     4 ||   231
       Punch             |       |       |     4 |    20 |     1 ||    25
Invok: Berserk           |     2 |     2 |     4 |     9 |     1 ||    18
       Trog's Hand       |       |       |     1 |     2 |       ||     3
       Brothers in Arms  |       |       |       |     7 |     3 ||    10
Evoke: Wand              |       |       |       |     1 |     1 ||     2
  Use: Scroll            |       |       |       |    15 |     1 ||    16
       Potion            |       |       |       |     3 |     2 ||     5
 Stab: Sleeping          |       |       |       |     1 |       ||     1
Armor: Skin              |     1 |       |       |       |       ||     1
       Animal skin       |       |     2 |     4 |    18 |       ||    24
       Robe              |       |       |       |    72 |       ||    72
Dodge: Dodged            |     2 |     1 |    11 |    53 |     1 ||    68
Block: Other             |       |       |       |     1 |     1 ||     2
